AoeStats
← -.-D-.-i-.-E-.-k-.-Q-.-u-.-ÄsM-

Black Forest

505880744Analyzed
4v4 RM · 21d ago on Sep 11, 2026· 11m 56s· 8 players
Game mode
Random Map
Map size
Large (8 player)
Population
200
Speed
Normal
Resources
Standard
Victory
Conquest
Starting age
Dark Age
Ending age
Imperial Age
RankedLock teamsTeams togetherTeam positionsShared explorationLock speedFull tech treeHidden civsTurbo modeCheats
Victory
Defeat
🇹🇼 Goths · Taiwan
1064
+18
🇹🇼 Teutons · Taiwan
1038
+19
🇹🇼 Bohemians · Taiwan
1025
+20
🇹🇼 Hindustanis · Taiwan
1006
+21
🇩🇪 Britons · Germany
1136
-20
🇨🇳 Romans · China
1131
-20
1125
-20
🇨🇳 Spanish · China
1063
-18
AJ老师
0:43 Loom
11:47 Feudal Age
Holako
0:35 Loom
MyGO.Soyo
0:29 Loom
-.-D-.-i-.-E-.-k-.-Q-.-u-.-ÄsM-
7:30 Loom
11:32 Feudal Age
Tapiru
8:34 Loom
11:07 Feudal Age
11:37 Double-Bit Axe
11:35 Horse Collar
福瓜
0:38 Loom
9:37 Feudal Age
"Jihei endonka"
0:53 Loom
雷孟
1:00 Loom
12:38 Feudal Age
Connection lost

Rejoining the realm…

Still unreachable

The connection could not be restored.

Session expired

The server has moved on; the page needs a fresh start.